 Dungeon Crawl Stone Soup version 0.27-a0-1532-gca18f49f40 (webtiles) character file.

Game seed: 7241871472481014990

156 Spectrina the Chiller (level 4, -7/33 HPs)
             Began as a Demigod Ice Elementalist on July 13, 2021.
             Killed by nerve-wracking pain
             ... invoked by an orc priest
              (14 damage)
             ... on level 4 of the Dungeon.
             The game lasted 00:08:02 (684 turns).

Spectrina the Chiller (Demigod Ice Elementalist)     Turns: 684, Time: 00:08:02

Health: -7/33      AC:  4    Str:  9    XL:     4   Next: 92%
Magic:  0/9        EV: 12    Int: 21    God:
Gold:   50         SH:  0    Dex: 14    Spells: 2/6 levels left

rFire    . . .     SeeInvis .   o - +0 morningstar
rCold    . . .     Faith    .   (no shield)
rNeg     . . .     Spirit   .   a - +0 robe
rPois    .         Reflect  .   (no helmet)
rElec    .         Harm     .   (no cloak)
rCorr    .         Rampage  .   i - +0 pair of gloves
Will     .....                  b - +0 pair of boots
Stlth    ++........             (no amulet)
HPRegen  0.11/turn              (no ring)
MPRegen  0.11/turn              (no ring)

@: no status effects
A: high mp 1, forlorn
a: no special abilities


You were on level 4 of the Dungeon.
You visited 1 branch of the dungeon, and saw 4 of its levels.

You collected 50 gold pieces.

Inventory:

Hand Weapons
 j - a +0 hunting sling
 o - a +0 morningstar (weapon)
Missiles
 c - 16 bolts
 d - 17 sling bullets
 g - 3 stones
Armour
 a - a +0 robe (worn)
 b - a +0 pair of boots (worn)
 f - a +0 buckler
 i - a +0 pair of gloves (worn)
Magical Staves
 h - a staff of death
Jewellery
 l - a ring of protection from fire
Scrolls
 m - a scroll of identify {unknown}
Potions
 e - a potion of resistance {unknown}
 k - a potion of flight {unknown}
 n - a potion of curing {unknown}


   Skills:
 - Level 1.7 Dodging
 - Level 1.7 Stealth
 - Level 1.7 Spellcasting
 + Level 5.9 Ice Magic


You had 2 spell levels left.
You knew the following spells:

 Your Spells              Type           Power      Damage    Failure   Level
a - Freeze                Ice            100%       1d11      1%          1
q - Frozen Ramparts       Ice            52%        1d7       4%          3

Your spell library contained the following spells:

 Spells                   Type           Power      Damage    Failure   Level
 Ozocubu's Armour         Ice            26%        N/A       4%          3
 Hailstorm                Conj/Ice       14%        3d5       41%         4


Dungeon Overview and Level Annotations

Branches:
Dungeon (4/15)
 Temple: D:4-7


Innate Abilities, Weirdness & Mutations

Your attributes grow dramatically as you level up.
You have an increased reservoir of magic. (+10% MP)
You shall have no god before yourself.


Message History

You hear an angry hiss.
The orc hits you with a +0 short sword.
An orc wizard comes into view. It is wielding a +0 dagger.
Unknown command.
o - a +0 morningstar (weapon)
The orc completely misses you.
Unknown command.
You barely miss the orc priest. The orc priest hits you with a +0 whip.
The orc priest misses you.
Unknown command.
Casting: Freeze (safe; 1% risk of failure)
Confirm with . or Enter, or press ? or * to list all spells.
Aiming: Freeze (safe; 1% risk of failure)
Press: ? - help, Shift-Dir - straight line, f - orc priest
Aim: an orc priest, wielding a +0 whip and wearing a +0 leather armour You freeze the orc priest!
The orc priest is severely wounded.
The orc hits you with a +0 short sword. The orc priest hits you with a +0 whip.
An adder comes into view.
Unknown command.
You closely miss the orc priest.
The orc priest is severely wounded.
The orc barely misses you.
The orc priest looks encouraged for a moment.
The orc wizard casts a spell at you. You resist with some effort.
The orc barely misses you.
Unknown command.
You closely miss the orc priest.
The orc priest is severely wounded.
The orc priest hits you with a +0 whip. The orc misses you.
The orc priest mumbles some strange prayers to Beogh against you.
Pain shoots through your body!
* * * LOW HITPOINT WARNING * * *
Unknown command.
You barely miss the orc priest.
The orc priest is severely wounded.
The orc closely misses you.
The orc priest mumbles some strange prayers to Beogh against you.
Pain shoots through your body!
You die...

........^..#
...........
########......... .
#............... #..
#........##..#.##....
#........#..##....#
#........#)....#######.
####..###...##.#oo.....
###..........@(#
##........####o##
###..).[.#### #.#
.#..))##..# #.#
....).###.# #.#
...........# #.#
)....####...# #.#
)##...# .#..( ...
..............!


You could see an orc priest, an orc wizard and an orc.

Vanquished Creatures
  An orc priest (D:4)
  A hound (D:4)
  2 adders
  4 gnolls (D:4)
  2 dart slugs
  4 orcs (D:4)
  3 ball pythons
  2 endoplasms
  A giant cockroach (D:1)
  2 goblins
  2 hobgoblins (D:2)
  3 jackals (D:1)
  3 bats
  A frilled lizard (D:1)
  2 kobolds
  3 rats (D:1)
36 creatures vanquished.

Notes
Turn   | Place    | Note
-------+----------+-------------------------------------------
     0 | D:1      | Spectrina the Demigod Ice Elementalist began the quest for
                  | the Orb.
     0 | D:1      | Reached XP level 1. HP: 14/14 MP: 5/5
    42 | D:1      | Reached skill level 4 in Ice Magic
    84 | D:1      | Reached XP level 2. HP: 6/20 MP: 1/7
   338 | D:2      | Reached XP level 3. HP: 11/26 MP: 5/8
   558 | D:4      | Reached skill level 5 in Ice Magic
   562 | D:4      | Learned a level 3 spell: Frozen Ramparts
   595 | D:4      | Reached XP level 4. HP: 21/33 MP: 3/9
   684 | D:4      | Killed from afar by an orc priest

Illustrated notes

Levels and vault maps discovered:
D:1:      eino_arrival_tree_alley, layout_rooms,
          shapermc_ecumenical_altar_rom_forum
D:2:      layout_basic
D:3:      cheibrodos_old_hovel, layout_loops_ring, uniq_terence
D:4:      gammafunk_steamed_eel, layout_rooms, nicolae_qazlal_eye_of_the_storm,
          kennysheep_another_room, uniq_sigmund

Skill      XL: |  1  2  3 |
---------------+----------+-----
Ice Magic      | 4 5 |  5.9
Dodging        | |  1.7
Stealth        | |  1.7
Spellcasting   | |  1.7

Action                   |  1- 3 |  4- 6 || total
-------------------------+-------+-------++-------
Melee: Unarmed           |    20 |       ||    20
       Morningstar       |       |     4 ||     4
 Fire: Hunting sling     |    16 |     7 ||    23
 Cast: Freeze            |    42 |     7 ||    49
       Frozen Ramparts   |       |     2 ||     2
 Stab: Sleeping          |     2 |       ||     2
Armor: Robe              |     9 |     1 ||    10
Dodge: Dodged            |    41 |    10 ||    51

Table legend: (Time is in decaauts)
 A = Elapsed time spent in this place.
 B = Non-inter-level travel time spent in this place.
 C = Inter-level travel time spent in this place.
 D = Time resting spent in this place.
 E = Time spent auto-exploring this place.
 F = Levels seen in this place.
 G = Mean time per level.
                   A        B        C        D        E       F      G
               +--------+--------+--------+--------+--------+-----+--------+
         Total |    693 |    667 |     26 |      0 |      0 |   4 |  173.2 |
       Dungeon |    693 |    667 |     26 |      0 |      0 |   4 |  173.2 |
               +--------+--------+--------+--------+--------+-----+--------+

Top non-repeatable levels by time:
     D:1: 211 daAuts
     D:2: 190 daAuts
     D:4: 161 daAuts
     D:3: 131 daAuts
